details: 'VELOX_NEB vs nerffej'

« prev index next »

General information

Mini Map

Players

team 1
NightElfnerffej (purple | 77 APM | 836 actions | 10:52)
Hero icon 3 Demon Hunter
Ability icon 2 Mana Burn
Ability icon 1 Evasion
Hero icon 1 Naga Sea Witch
Ability icon 1 Frost Arrows

» actions
Assign group hotkey1
Basic commands58
Build / train37
ESC pressed2
Enter build submenu12
Enter hero's abilities submenu4
Remove unit from queue3
Right click448
Select / deselect214
Select group hotkey13
Use ability44
836 total
» units
Wisp18
Druid of the Claw2
20 total
» upgrades
Improved Bows1
Druid of the Claw Training1
2 total
» buildings
Altar of Elders1
Moon Well4
Tree of Ages1
Ancient of War1
Hunter's Hall1
Ancient of Wonders2
Ancient of Lore2
Tree of Eternity1
13 total
» build order
00:08 Altar of Elders
00:21 Moon Well
01:04 Moon Well
02:34 Tree of Ages
02:38 Ancient of War
02:45 Moon Well
05:36 Hunter's Hall
05:53 Moon Well
06:15 Ancient of Wonders
07:40 Ancient of Lore
08:45 Ancient of Wonders
09:52 Ancient of Lore
09:55 Tree of Eternity
» items
Boots of Speed2
Staff of Teleportation1
3 total
team 2
OrcVELOX_NEB (teal | 88 APM | 963 actions | 10:54)
Hero icon 2 Far Seer
Ability icon 1 Feral Spirit
Ability icon 1 Chain Lighting
Hero icon 2 Goblin Tinker
Ability icon 1 Pocket Factory
Ability icon 1 Engineering Upgrade

» actions
Assign group hotkey19
Basic commands97
Build / train26
ESC pressed1
Enter build submenu16
Enter hero's abilities submenu4
Right click482
Select / deselect236
Select group hotkey50
Use ability32
963 total
» units
Peon8
Grunt6
Raider1
15 total
» upgrades
Ensnare1
1 total
» buildings
Altar of Storms1
Orc Burrow4
Barracks1
Voodoo Lounge1
Stronghold1
War Mill1
Beastiary1
Watch Tower4
14 total
» build order
00:08 Altar of Storms
00:21 Orc Burrow
00:37 Barracks
01:52 Orc Burrow
02:02 Voodoo Lounge
03:34 Stronghold
03:36 War Mill
04:28 Orc Burrow
06:55 Beastiary
06:57 Orc Burrow
07:03 Watch Tower
08:22 Watch Tower
08:47 Watch Tower
09:23 Watch Tower
» items
Healing Salve1
Lesser Clarity Potion1
Scroll of Speed1
3 total